 Zot Defence DCSS version 0.15.2 (webtiles) character file.

54328 McIrco the Cleaver (level 13, -9/49 (119) HPs)
             Began as a Hill Orc Fighter on Mar 11, 2018.
             Was an Initiate of Beogh.
             Mangled by a purple very ugly thing (28 damage)
             ... in the Realm of Zot (Scenario I: Hall of Zot).
             The game lasted 00:25:35 (2409 turns).

McIrco the Cleaver (Hill Orc Fighter)               Turns: 2409, Time: 00:25:35

HP  -9/49 (119)  AC  9     Str 24      XL: 13   Next: 25%
MP  13/13        EV  9     Int  8      God: Beogh [......]
Gold 10          SH 12     Dex 10      Spells:  0 memorised, 12 levels left

rFire  . . .     SeeInvis .     a - +0 war axe
rCold  . . .     Clarity  .     b - +0 scale mail
rNeg   . . .     rCorr    .     c - +0 shield
rPois  .         rRot     .     (no helmet)
rElec  .         Spirit   .     (no cloak)
SustAb .         Warding  .     (no gloves)
rMut   .         Stasis   .     (no boots)
Gourm  .                        (no amulet)
MR     .....                    (no ring)
                                (no ring)

@: not resistant to hostile enchantments, extremely unstealthy
A: no striking features
a: Make oklob sapling, Make arrow trap, Make plant, Remove Curse, Make burning
bush, Make altar, Make grenades, Make oklob plant, Make net trap, Make ice
statue, Make spear trap, Make alarm trap, Make mushroom circle, Make bolt trap,
Renounce Religion
}: 2/15 runes: golden, fiery


You were in the Realm of Zot.
You worshipped Beogh.
Beogh was noncommittal.
You were not hungry.

You visited 1 branch You collected 10 gold pieces.

Inventory:

Hand weapons
 a - a +0 war axe (weapon)
 m - a cursed -1 halberd
Missiles
 l - 5 stones (quivered)
Armour
 b - a +0 scale mail (worn)
 c - a +0 shield (worn)
Magical devices
 n - a wand of confusion (17) {unknown}
 p - a wand of magic darts (5)
Comestibles
 f - a meat ration
Scrolls
 k - a scroll of blinking
Potions
 d - 2 potions of curing
 e - a potion of might
 g - a potion of heal wounds
 h - a potion of haste
 i - 2 potions of magic
 j - a potion of berserk rage
 q - a potion of blood


   Skills:
 + Level 12.4 Fighting
 + Level 14.9 Axes
 + Level 11.1 Armour
 + Level 7.0 Dodging
 + Level 10.6 Shields


You had 12 spell levels left.
You didn't know any spells.

Dungeon Overview and Level Annotations

Branches:
    Zot (1/1)

Altars:


Message History

The white ugly thing is moderately wounded.
Your fungus is engulfed in freezing vapours.
The orc warrior hits the purple ugly thing with a war axe! x2
The white ugly thing trunk-slaps your oklob sapling!
The white ugly thing freezes your oklob sapling!
Your oklob sapling is destroyed!
You block the white ugly thing's attack.
A purple ugly thing comes into view.
You slash the white ugly thing!
The white ugly thing is heavily wounded.
You closely miss the white ugly thing.
The white ugly thing is heavily wounded.
You hit the purple very ugly thing but do no damage.
Your fungus is engulfed in freezing vapours.
The white ugly thing trunk-slaps you but does no damage.
The orc warrior hits the purple ugly thing with a war axe!
The white ugly thing gores you! The white ugly thing freezes you!!
The purple very ugly thing claws you!!
Ouch! That really hurt!
You die...

######## ########## ..)####
####..... ......### ###..).....
....%...## ##...)..o...
......%..# ▓▓▓▓▓▓▓▓▓ #.%)))......
.....)...▓▓▓P..).(.▓▓▓.%%(o......
.........▓▓PP)....).▓▓.))........
........)▓)PP§§).u)..▓u))........
.........))§§§§(@u)u))u.....)....
.......8.▓..§§§.)u)).▓o).........
......8.P▓▓.........▓▓P88........
.........▓▓▓....P..▓▓▓...........
.........▓ ▓▓▓▓▓▓▓▓▓ ▓...........
........▓▓ ▓▓.......... ......▓▓▓
▓▓▓........ ...▓▓▓▓ ▓▓▓▓.....
▓▓▓▓▓▓▓ ▓▓▓▓▓▓▓▓▓


You could see a purple very ugly thing, 5 ugly things, a neutral orc warrior
(wandering), a friendly oklob plant and a friendly burning bush.

Vanquished Creatures
  A wolf spider (Zot)
  2 ugly things (Zot)
  2 centaur zombies (Zot)
  A troll (Zot)
  2 slime creatures (Zot)
  A warg (Zot)
  A wind drake zombie (Zot)
  A giant frog (Zot)
  A cyclops zombie (Zot)
  An ogre skeleton (Zot)
  A giant mite (Zot)
  A white imp (Zot)
  An orc (Zot)
  3 ball pythons (Zot)
  5 giant cockroaches (Zot)
  A bat (Zot)
  A giant newt (Zot)
  A rat (Zot)
27 creatures vanquished.

Vanquished Creatures (collateral kills)
  An ogre mage (Zot)
  A sea snake (Zot)
  A cyclops (Zot)
  A hill giant (Zot)
  Pikel (Zot)
  A harpy (Zot)
  A wolf spider zombie (Zot)
  3 wolf spiders (Zot)
  A moth of wrath (Zot)
  4 ugly things (Zot)
  Maurice (Zot)
  A centaur zombie (Zot)
  A kobold demonologist (Zot)
  A yaktaur (Zot)
  2 two-headed ogres (Zot)
  A merfolk (Zot)
  24 slime creatures (Zot)
  4 hungry ghosts (Zot)
  7 wind drakes (Zot)
  A centaur simulacrum (Zot)
  12 yaks (Zot)
  A vampire (Zot)
  A deep elf fighter (Zot)
  4 vampire mosquitoes (Zot)
  2 orc warriors (Zot)
  A soldier ant (Zot)
  3 water moccasins (Zot)
  A phantom (Zot)
  3 boggarts (Zot)
  3 ogres (Zot)
  Sigmund (Zot)
  A vampire mosquito zombie (Zot)
  A giant frog (Zot)
  An insubstantial wisp (Zot)
  A scorpion (Zot)
  An oklob sapling (Zot)
  5 wights (Zot)
  A quasit (Zot)
  2 goliath beetles (Zot)
  3 worker ants (Zot)
  5 hounds (Zot)
  2 jellies (Zot)
  2 giant frog zombies (Zot)
  5 iguanas (Zot)
  A cyclops simulacrum (Zot)
  5 orc wizards (Zot)
  A sheep (Zot)
  Jessica (Zot)
  Terence (Zot)
  15 gnolls (Zot)
  5 green rats (Zot)
  25 adders (Zot)
  8 shadow imps (Zot)
  A worm (Zot)
  An adder zombie (Zot)
  3 giant geckos (Zot)
  2 oozes (Zot)
  19 orcs (Zot)
  7 ball pythons (Zot)
  6 bats (Zot)
  4 giant cockroaches (Zot)
  9 goblins (Zot)
  13 hobgoblins (Zot)
  6 jackals (Zot)
  9 kobolds (Zot)
  5 quokkas (Zot)
  A giant newt (Zot)
  A giant spore (Zot)
  A green rat zombie (Zot)
  10 rats (Zot)
  A fungus (Zot)
281 creatures vanquished.

Vanquished Creatures (others)
  2 oklob plants (Zot)
  A burning bush (Zot)
  A vampire (Zot)
  12 ice beasts (Zot)
  7 oklob saplings (Zot)
  An orc priest (Zot)
  A giant mite (Zot)
  2 orcs (Zot)
27 creatures vanquished.

Grand Total: 335 creatures vanquished

Notes
Turn   | Place    | Note
--------------------------------------------------------------
     0 | Zot      | McIrco, the Hill Orc Fighter, began the quest for the Orb.
     0 | Zot      | Reached XP level 1. HP: 19/19 MP: 1/1
   214 | Zot      | Reached XP level 2. HP: 20/27 MP: 2/2
   221 | Zot      | Reached skill level 4 in Fighting
   235 | Zot      | Reached XP level 3. HP: 25/33 MP: 3/3
   237 | Zot      | Noticed Maab
   244 | Zot      | Killed Maab the two-headed ogre
   244 | Zot      | Reached skill level 5 in Fighting
   244 | Zot      | Reached skill level 5 in Armour
   244 | Zot      | Reached skill level 1 in Dodging
   244 | Zot      | Reached XP level 4. HP: 25/42 MP: 4/4
   244 | Zot      | Reached XP level 5. HP: 28/48 MP: 5/5
   244 | Zot      | Reached XP level 6. HP: 32/56 MP: 6/6
   338 | Zot      | Noticed Jaes
   347 | Zot      | Killed Jaes the hungry ghost
   347 | Zot      | Reached skill level 5 in Shields
   347 | Zot      | Reached XP level 7. HP: 53/62 MP: 7/7
   542 | Zot      | Noticed Terence
   548 | Zot      | Killed Terence
   548 | Zot      | Reached skill level 6 in Fighting
   639 | Zot      | Noticed Jessica
   641 | Zot      | Killed Jessica
   730 | Zot      | Reached XP level 8. HP: 66/68 MP: 8/8
   808 | Zot      | Reached skill level 5 in Axes
   842 | Zot      | Noticed Fruo
   847 | Zot      | Killed Fruo the troll
   847 | Zot      | Reached skill level 7 in Fighting
  1110 | Zot      | Reached XP level 9. HP: 76/76 MP: 9/9
  1242 | Zot      | Noticed Sigmund
  1242 | Zot      | Killed Sigmund
  1344 | Zot      | Noticed Yzagudoq
  1350 | Zot      | Killed Yzagudoq the ogre mage
  1350 | Zot      | Reached skill level 8 in Fighting
  1350 | Zot      | Reached XP level 10. HP: 85/87 MP: 10/10
  1442 | Zot      | Noticed Pikel
  1445 | Zot      | Killed Pikel
  1445 | Zot      | Reached skill level 9 in Fighting
  1617 | Zot      | Reached XP level 11. HP: 88/96 MP: 11/11
  1634 | Zot      | Noticed Fayle Seale
  1638 | Zot      | Reached skill level 10 in Fighting
  1646 | Zot      | Reached skill level 10 in Armour
  1646 | Zot      | Killed Fayle Seale the sea snake
  1646 | Zot      | Reached skill level 10 in Axes
  1646 | Zot      | Reached skill level 5 in Dodging
  1730 | Zot      | Noticed Maurice
  1747 | Zot      | Killed Maurice
  1781 | Zot      | Noticed a storm dragon
  1782 | Zot      | Noticed an ice dragon
  1784 | Zot      | Got a fiery rune of Zot
  1785 | Zot      | Noticed a purple draconian
  1786 | Zot      | Got a golden rune of Zot
  1842 | Zot      | Reached skill level 11 in Axes
  1877 | Zot      | Noticed a harpy
  1881 | Zot      | Killed a harpy
  1915 | Zot      | Reached XP level 12. HP: 84/107 MP: 12/12
  1917 | Zot      | Reached skill level 12 in Axes
  1919 | Zot      | Reached skill level 10 in Shields
  2027 | Zot      | Reached skill level 13 in Axes
  2166 | Zot      | Reached skill level 14 in Axes
  2218 | Zot      | Reached XP level 13. HP: 63/115 MP: 13/13
  2320 | Zot      | Became a worshipper of Beogh the Brigand
  2404 | Zot      | Noticed a purple very ugly thing
  2409 | Zot      | Mangled by a purple very ugly thing

Action                   |  1- 3 |  4- 6 |  7- 9 | 10-12 | 13-15 || total
-------------------------+-------+-------+-------+-------+-------++-------
Melee: War axe           |    22 |       |    22 |    75 |    21 ||   140
Invok: Convert to Beogh  |       |       |       |       |     1 ||     1
 Abil: Make oklob saplin |     1 |     1 |       |     6 |       ||     8
       Make burning bush |       |     1 |     1 |       |       ||     2
       Make oklob plant  |       |       |     1 |     2 |     2 ||     5
       Make net trap     |       |       |     7 |     2 |       ||     9
       Make ice statue   |       |       |       |     2 |     2 ||     4
       Make spear trap   |       |       |       |     1 |       ||     1
       Make mushroom cir |       |       |       |     1 |       ||     1
  Use: Potion            |       |       |       |     1 |       ||     1
 Stab: Distracted        |       |       |     2 |     3 |     1 ||     6
